 Dungeon Crawl Stone Soup version 0.19.0-24-gb05acd6 (webtiles) character file.

131 Kemay the Changer (level 5, 0/33 HPs)
             Began as an Octopode Transmuter on Nov 21, 2016.
             Splashed by a jelly's acid (8 damage)
             ... on level 3 of the Dungeon on Nov 22, 2016.
             The game lasted 00:07:29 (2662 turns).

Kemay the Changer (Octopode Transmuter)             Turns: 2662, Time: 00:07:31

Health: 0/33       AC: -7    Str:  9    XL:     5   Next: 14%
Magic:  8/8        EV: 13    Int: 15    God:
Gold:   86         SH:  0    Dex: 14    Spells: 2 memorised, 4 levels left

rFire  . . .     SeeInvis .       - Unarmed
rCold  . . .     Gourm    .     (no shield)
rNeg   . . .     Faith    .     (helmet restricted)
rPois  .         Spirit   .     (no amulet)
rElec  .         Reflect  .     (no ring)
rCorr  .         Harm     .     (no ring)
MR     .....                    (no ring)
Stlth  ++........               (no ring)
                                (no ring)
                                (no ring)
                                (no ring)
                                (no ring)

@: appendage (expiring), corroded
A: almost no armour, stealthy swim, amphibious, 8 rings, constrict 8, tentacle
spike 3, camouflage 1, gelatinous body 1
a: End Transformation


You were on level 3 of the Dungeon.
You were not hungry.
One of your tentacles had a temporary spike.
You visited 1 branch of the dungeon, and saw 3 of its levels.

You collected 86 gold pieces.

Inventory:

Missiles
 a - 25 arrows
Scrolls
 e - a scroll of magic mapping
Potions
 i - a potion of ambrosia
 j - a potion of lignification {unknown}
 k - a potion of curing {unknown}
Books
 b - a book of Changes

   Spells                             Type                      Level
   a - Beastly Appendage              Transmutation                1
   b - Sticks to Snakes               Transmutation                2
   c - Spider Form                    Transmutation/Poison         3
   d - Ice Form                       Ice/Transmutation            4
   e - Blade Hands                    Transmutation                5
Comestibles
 c - 5 bread rations
 d - 2 beef jerkies
 f - 6 fruits
 g - 10 chunks of flesh
 h - a slice of pizza


   Skills:
 - Level 1.0 Fighting
 - Level 2.0 Dodging
 - Level 3.0 Unarmed Combat
 - Level 2.0 Spellcasting
 - Level 4.4 Transmutations
 + Level 2.9 Poison Magic


You had 4 spell levels left.
You knew the following spells:

 Your Spells              Type           Power        Failure   Level  Hunger
a - Beastly Appendage     Tmut           ##....       4%          1    #......
b - Spider Form           Tmut/Pois      ##........   17%         3    ###....


Dungeon Overview and Level Annotations

Branches:
Dungeon (3/15)

Altars:
Gozag


Innate Abilities, Weirdness & Mutations

You cannot wear most types of armour.
You are very stealthy in the water. (Stealth+)
You are amphibious.
You can wear up to eight rings at the same time.
You can use your tentacles to constrict eight enemies at once.
Your skin changes colour to match your surroundings (Stealth+).
Your rubbery body absorbs attacks. (AC +1, EV +1)
One of your tentacles bears a large vicious spike.


Message History

Your transformation is almost over.
You see here a dagger.
The jelly quivers.
Some of the chunks of flesh in your inventory have rotted away.
You tentacle-slap the jelly.
Your tentacles burn!
You pierce the jelly.
You squeeze the jelly.
The jelly is heavily wounded.
The jelly barely misses you.
You tentacle-slap the jelly. The acid corrodes you!
Your tentacles burn!
You pierce the jelly, but do no damage.
The jelly is heavily wounded.
The jelly hits you. The acid corrodes you!
You are splashed with acid!
The acid burns!
You tentacle-slap the jelly but do no damage.
The acid corrodes you!
Your tentacles burn!
You pierce the jelly.
The jelly is heavily wounded.
The jelly hits you.
* * * LOW HITPOINT WARNING * * *
The acid corrodes you!
You are splashed with acid!
The acid burns!
You die...

## #.........###..#
#....[....###.########
###.........##...[......
............##..........
........................
.......................
#.........##..........
..#.........##.J........
...........###.@........
..###(....####..........
........### #...########
..#####..####...#
##....)...# ######...#
#...# ....# ..####


You could see a jelly.

Vanquished Creatures
  2 gnolls (D:3)
  4 adders
  An ooze (D:2)
  A dart slug (D:2)
  2 worms
  4 leopard geckos
  3 orcs
  9 bats
  A giant cockroach (D:2)
  7 goblins
  6 hobgoblins
  7 kobolds
  A ball python (D:1)
  2 frilled lizards
  14 rats
64 creatures vanquished.

Notes
Turn   | Place    | Note
-------+----------+-------------------------------------------
     0 | D:1      | Kemay the Octopode Transmuter began the quest for the Orb.
     0 | D:1      | Reached XP level 1. HP: 13/13 MP: 3/3
   372 | D:1      | Reached XP level 2. HP: 18/18 MP: 3/5
   602 | D:1      | Reached skill level 3 in Transmutations
  1173 | D:2      | Reached XP level 3. HP: 15/23 MP: 4/6
  1392 | D:2      | Learned a level 3 spell: Spider Form
  1438 | D:2      | Reached skill level 1 in Poison Magic
  1477 | D:2      | HP: 1/23 [hobgoblin/club (3)]
  1783 | D:2      | Reached XP level 4. HP: 27/28 MP: 5/7
  2009 | D:2      | Found an opulent altar of Gozag.
  2209 | D:2      | Reached skill level 4 in Transmutations
  2435 | D:3      | Reached XP level 5. HP: 26/33 MP: 6/8
  2662 | D:3      | Splashed by a jelly's acid

Skill      XL: |  1  2  3  4 |
---------------+-------------+-----
Transmutations | 3 4 |  4.4
Poison Magic   | 1 2 |  2.9
Fighting       | |  1.0
Dodging        | |  2.0
Unarmed Combat | |  3.0
Spellcasting   | |  2.0

Action                   |  1- 3 |  4- 6 || total
-------------------------+-------+-------++-------
Melee: Unarmed           |    78 |    59 ||   137
       Constrict         |    21 |    11 ||    32
       Tentacles         |    13 |    13 ||    26
       Kick              |     9 |    10 ||    19
       Punch             |     1 |     1 ||     2
 Cast: Beastly Appendage |    16 |     9 ||    25
       Spider Form       |       |     1 ||     1
  Use: Scroll            |     3 |       ||     3
 Stab: Sleeping          |     5 |     4 ||     9
       Distracted        |       |     1 ||     1
  Eat: Chunk             |     3 |     3 ||     6
Armor: Skin              |     9 |     7 ||    16
Dodge: Dodged            |    39 |    34 ||    73
